 Dungeon Crawl Stone Soup version 0.31-a0-700-gf13585253f (webtiles) character file.

Game seed: 4646170157995080981

39 qw the Shooter (level 3, 0/22 HPs)
             Began as a Gargoyle Hunter on Sept 7, 2023.
             Killed from afar by Natasha (1 damage)
             ... with a magic dart
             ... on level 2 of the Dungeon.
             The game lasted 00:00:23 (838 turns).

qw the Shooter (Gargoyle Hunter)                     Turns: 838, Time: 00:00:24

Health: 0/22       AC:  6    Str: 14    XL:     3   Next: 45%
Magic:  3/3        EV: 11    Int:  9    God:
Gold:   48         SH:  0    Dex: 15    Spells: 2/2 levels left

rFire   . . .        Y - +1 shortbow
rCold   . . .        (shield currently unavailable)
rNeg    + . .        c - +0 leather armour
rPois   inf          (no helmet)
rElec   +            (no cloak)
rCorr   .            (no gloves)
SInv    .            (no boots)
Will    .....        (no amulet)
Stlth   ++           (no ring)
HPRegen 0.23/turn    (no ring)
MPRegen 0.08/turn

%: no passive effects
@: no status effects
A: sickness immunity, AC +3, negative energy resistance 1, electricity
resistance, torment resistance 1, petrification resistance
a: no special abilities


You were on level 2 of the Dungeon.
You visited 1 branch of the dungeon, and saw 2 of its levels.

You collected 48 gold pieces.


Innate Abilities, Weirdness & Mutations

You are immune to sickness and miasma.
Your stone body is resilient. (AC +3)
You are immune to poison.
You resist negative energy. (rN+)
You are resistant to electric shocks. (rElec)
You are resistant to unholy torment.
You are immune to petrification.


   Skills:
 + Level 2.6 Fighting
 - Level 5.0 Ranged Weapons
 - Level 1.5 Dodging
 - Level 1.1 Stealth


You had 2 spell levels left.
You didn't know any spells.
Your spell library was empty.

Inventory:

Hand Weapons
 Y - a +1 shortbow (weapon)
Armour
 c - a +0 leather armour (worn)
Scrolls
 a - a scroll of teleportation {unknown}
Potions
 i - a potion of curing {unknown}

Dungeon Overview and Level Annotations

Branches:
Dungeon (2/15)

Altars:

Shops:
D:1 [[

Annotations:
D:2 Natasha


Message History

The goblin is severely wounded.
You shoot an arrow. The arrow closely misses the goblin.
You shoot an arrow. The arrow hits the goblin.
You kill the goblin!
The kobold hits you but does no damage.
You shoot an arrow. The arrow hits the kobold.
The kobold is moderately wounded.
Natasha, Servant of Life and Death comes into view.
The kobold hits you but does no damage.
You shoot an arrow. The arrow closely misses the kobold.
The kobold barely misses you. The kobold hits you with a +0 club.
You shoot an arrow. The arrow hits the kobold.
You kill the kobold!
You shoot an arrow.
The arrow hits Natasha but does no damage.
Natasha claws you.
A goblin comes into view. It is wielding a +0 club.
You shoot an arrow. The arrow hits Natasha.
Natasha is lightly wounded.
Natasha closely misses you.
You shoot an arrow. The arrow hits Natasha!
Natasha is heavily wounded.
Natasha claws you.
You shoot an arrow. The arrow hits Natasha.
Natasha is heavily wounded.
Natasha casts a spell at you. The magic dart hits you!
You shoot an arrow.
The arrow hits Natasha but does no damage.
Natasha is heavily wounded.
Natasha mumbles some strange words.
You feel troubled. Natasha claws you. Natasha casts a spell at you.
The magic dart hits you.
You shoot an arrow. The arrow completely misses Natasha.
Natasha stares at you and mumbles some strange words.
The magic dart hits you.
You die...
Natasha begins licking her fur clean.

# #.# ###.## .#
##...#####. ##.#
##....<.... ....
.#...#.#########..#####
..................#...
.#####.######.##....###
.# #.# #...)h.....# .#
#.# #..##@.."#
#.#####........#
#.........)..g.#
........###........._..
.######.#
##.###..###... #.#
#..)....$. #. #.#
#.......... ..#
#......###. ###
#.......


You could see Natasha and a goblin.

Vanquished Creatures
  2 dart slugs (D:1)
  2 bats (D:1)
  An endoplasm (D:1)
  3 giant cockroaches (D:1)
  2 goblins
  5 hobgoblins (D:1)
  4 jackals (D:1)
  3 quokkas (D:1)
  4 ball pythons (D:1)
  2 frilled lizards (D:1)
  A kobold (D:2)
  2 rats (D:1)
31 creatures vanquished.

Notes
Turn   | Place    | Note
-------+----------+-------------------------------------------
     0 | D:1      | qw the Gargoyle Hunter began the quest for the Orb.
     0 | D:1      | Reached XP level 1. HP: 12/12 MP: 1/1
     0 | D:1      | 0 ||| qw: Version: 0.3-a-76-g4403597
     0 | D:1      | 0 ||| qw: Game counter: 684
     0 | D:1      | 0 ||| qw: Melee chars always use a shield: true
     0 | D:1      | 0 ||| qw: God list: Okawaru
     0 | D:1      | 0 ||| qw: Allow faded altars: false
     0 | D:1      | 0 ||| qw: Do Orc after clearing Dungeon:15 true
     0 | D:1      | 0 ||| qw: Do second Lair branch before Depths: true
     0 | D:1      | 0 ||| qw: Lair rune preference: random
     0 | D:1      | 0 ||| qw: Goals: Normal
     0 | D:1      | 0 ||| PLANNING D:1-11
    18 | D:1      | Found Naqusoti's Antique Armour Shoppe.
    32 | D:1      | 32 ||| SHOPLISTING ring mail (80 gold, have 9).
    32 | D:1      | 32 ||| SHOPLISTING runed cloak (150 gold, have 9).
    54 | D:1      | Reached XP level 2. HP: 17/17 MP: 2/2
   265 | D:1      | Reached XP level 3. HP: 21/21 MP: 3/3
   388 | D:1      | Reached skill level 5 in Ranged Weapons
   542 | D:1      | Found Eduiva's Antique Armour Boutique.
   554 | D:1      | 554 ||| SHOPLISTING +0 pair of fencer's gloves {Riposte
                  | Dex+3} (960 gold, have 22).
   554 | D:1      | 554 ||| SHOPLISTING glowing leather armour (120 gold, have
                  | 22).
   554 | D:1      | 554 ||| SHOPLISTING helmet (108 gold, have 22).
   554 | D:1      | 554 ||| SHOPLISTING pair of ancient boots (228 gold, have
                  | 22).
   554 | D:1      | 554 ||| SHOPLISTING pair of boots (108 gold, have 22).
   554 | D:1      | 554 ||| SHOPLISTING silken robe (136 gold, have 22).
   746 | D:1      | 746 ||| DROPPING ring of wizardry.
   747 | D:1      | 747 ||| READING scroll labelled MUONOER AKOVUH.
   748 | D:1      | 748 ||| READING 2 scrolls labelled XIOTWO EHEEDD.
   749 | D:1      | 749 ||| READING scroll labelled XELOBL PEXACUI.
   750 | D:1      | 750 ||| READING scroll labelled ERHIOTHRAUCS.
   751 | D:1      | 751 ||| DROPPING scroll of butterflies.
   752 | D:1      | 752 ||| DROPPING scroll of fear.
   821 | D:2      | Found a faded altar of an unknown god.
   830 | D:2      | Noticed Natasha
   837 | D:2      | HP: 3/22 [Natasha (4)]
   837 | D:2      | HP: 1/22 [Natasha/magic dart (2)]
   838 | D:2      | Killed from afar by Natasha

Levels and vault maps discovered:
D:1:      erik_arrival_blinker_ship, layout_loops_ring, serial_shops, shop,
          nicolae_shop_pleasant_corner_grove
D:2:      layout_loops_ring, hellmonk_ecumenical_altar_lost_god, uniq_natasha

Skill      XL: |  1  2  3 |
---------------+----------+-----
Ranged Weapons | 5 |  5.0
Fighting       | |  2.6
Dodging        | |  1.5
Stealth        | |  1.1

Action                     || total
---------------------------++-------
   Fire: Shortbow          ||   101
    Use: Scroll            ||     4
 Armour: Leather armour    ||    25
  Dodge: Dodged            ||    23

Table legend:
 A = Non-vault XP
 B = Vault XP
 C = Vault XP percentage of total XP
 D = Non-vault monster count
 E = Vault monster count
 F = Vault count percentage of total count
                 A         B        C        D         E       F
            +---------+---------+-------+---------+---------+-------
      Total |      56 |       0 |   0.0 |      31 |       0 |   0.0
            +---------+---------+-------+---------+---------+-------
        D:1 |      53 |       0 |   0.0 |      29 |       0 |   0.0
        D:2 |       3 |       0 |   0.0 |       2 |       0 |   0.0
            +---------+---------+-------+---------+---------+-------
